 Dungeon Crawl Stone Soup version 0.31-a0-870-g10ed682358 (webtiles) character file.

Game seed: 8540158613905073628

599 BinkBink the Chopper (level 7, -1/108 HPs)
             Began as a Troll Berserker on Oct 12, 2023.
             Was a Priest of Trog.
             Slain by a gnoll
             ... wielding a +0 halberd
              (9 damage)
             ... on level 5 of the Dungeon.
             The game lasted 00:04:45 (2795 turns).

BinkBink the Chopper (Troll Berserker)              Turns: 2795, Time: 00:04:46

Health: -1/108     AC: 23    Str: 28    XL:     7   Next: 17%
Magic:  6/6        EV:  1    Int:  3    God:    Trog [***...]
Gold:   101        SH:  0    Dex:  9    Spells: 6/6 levels left

rFire   . . .        a - +0 hand axe
rCold   . . .        (no shield)
rNeg    . . .        b - melded +0 animal skin
rPois   +            (helmet currently unavailable)
rElec   .            (cloak currently unavailable)
rCorr   .            (gloves unavailable)
SInv    .            (boots unavailable)
Will    .....        (no amulet)
Stlth   +            (no ring)
HPRegen 1.18/turn    (no ring)
MPRegen 0.10/turn

%: no passive effects
@: tree-form
A: stationary, stasis, torment immunity, boosted hp, large, unfitting armour,
(claws 3), regeneration 1, (shaggy fur 1), (tough skin 1)
a: Renounce Religion, Berserk, Trog's Hand


You were on level 5 of the Dungeon.
You worshipped Trog.
Trog was most pleased with you.
You were a tree.
You visited 1 branch of the dungeon, and saw 5 of its levels.

You collected 101 gold pieces.

Inventory:

Hand Weapons
 a - a +0 hand axe (weapon)
Missiles
 n - a throwing net
Armour
 b - a +0 animal skin (melded)
Scrolls
 c - 6 scrolls of identify {unknown}
 e - 3 scrolls of poison {unknown}
 f - 3 scrolls of fog {unknown}
 g - 2 scrolls of enchant weapon {unknown}
 h - a scroll of enchant armour {unknown}
 i - 4 scrolls of vulnerability {unknown}
 m - a scroll of silence {unknown}
 o - a scroll of blinking {unknown}
Potions
 d - 2 potions of curing
 k - a potion of brilliance
 p - a potion of might {unknown}
 q - a potion of mutation {unknown}
 r - a potion of degeneration {unknown}
 s - a potion of resistance {unknown}


   Skills:
 + Level 5.1 Fighting
 + Level 5.1 Axes
 - Level 2.6 Dodging


You had 6 spell levels left.
You didn't know any spells.
Your spell library was empty.

Dungeon Overview and Level Annotations

Branches:
Dungeon (5/15)
 Temple: D:4-7

Altars:


Innate Abilities, Weirdness & Mutations

You are a tree.
Your roots penetrate the ground, keeping you stationary.
You cannot be teleported.
You are immune to unholy pain and torment.
Your maximum health is greatly increased.
Your equipment is partially melded.
You are too large for most types of armour.
((You have claws for hands.))
Your natural rate of healing is unusually fast.
((You are covered in fur. (AC +1)))
((You have tough skin. (AC +1)))


Message History

The gnoll hits you with a +0 halberd!
You hit the gnoll but do no damage.
The gnoll is lightly wounded.
The gnoll hits you with a +0 halberd!
You barely miss the gnoll. The gnoll misses you.
You barely miss the gnoll. The gnoll closely misses you.
You hit the gnoll but do no damage. The gnoll barely misses you.
The gnoll hits you with a +0 halberd.
You barely miss the gnoll. The gnoll closely misses you.
You barely miss the gnoll. The gnoll hits you with a +0 halberd!
* * * LOW HITPOINT WARNING * * *
You closely miss the gnoll. The gnoll hits you with a +0 halberd!
* * * LOW HITPOINT WARNING * * *
You hit the gnoll but do no damage. The gnoll hits you with a +0 halberd.
* * * LOW HITPOINT WARNING * * *
You hit the gnoll but do no damage. The gnoll closely misses you.
You hit the gnoll but do no damage. The gnoll hits you with a +0 halberd!
* * * LOW HITPOINT WARNING * * *
It was a potion of curing.
You feel better. The gnoll hits you with a +0 halberd.
* * * LOW HITPOINT WARNING * * *
It was a potion of brilliance.
You feel clever all of a sudden. The gnoll misses you.
It was a potion of cancellation.
Your magical effects are unravelling.
You feel magically purged.
You feel a little less clever now. The gnoll barely misses you.
You turn into a tree.
Your +0 animal skin melds into your body.
Your roots penetrate the ground.
The gnoll hits you but does no damage.
You slash the gnoll!
The gnoll is severely wounded.
The gnoll hits you with a +0 halberd.
* * * LOW HITPOINT WARNING * * *
You hit the gnoll.
The gnoll is almost dead.
The gnoll hits you with a +0 halberd!
You die...

#........#.....#.....#...........
#........#....(#..[..##'#######..
#........#.[...#..............###
#........'.....#..............#..
#.......##.....#..............#..
#.......##.....#..............#..
#.......##.....#....<.........#..
#>......##.....###'##.........#..
#.......#......g♣)..#.........#..
#.....gg##.....##).(#.........#..
#.......##.....##...#.........#'#
#.......##.....####'#.(..........
#.......##.....##...#..<.........
#.......+...........##########...
#.......##.....##....#.......'...
#.......####+####....#.......#...
#.......# #....'.......#...


You could see a gnoll.

Vanquished Creatures
  A black bear (D:4)
  A scorpion (D:4)
  A jelly (D:5)
  3 hounds
  An orc priest (D:4)
  A sleepcap (D:5)
  3 iguanas
  2 orc wizards
  2 gnolls (D:5)
  5 adders
  3 dart slugs
  6 orcs
  7 ball pythons
  4 bats (D:1)
  3 endoplasms
  5 giant cockroaches
  5 goblins
  6 hobgoblins
  4 jackals (D:1)
  7 kobolds
  6 quokkas
  2 frilled lizards (D:1)
  4 rats
82 creatures vanquished.

Notes
Turn   | Place    | Note
-------+----------+-------------------------------------------
     0 | D:1      | BinkBink the Troll Berserker began the quest for the Orb.
     0 | D:1      | Reached XP level 1. HP: 22/22 MP: 0/0
    54 | D:1      | Reached XP level 2. HP: 28/29 MP: 1/1
   329 | D:1      | Reached ** piety under Trog
   365 | D:1      | Reached XP level 3. HP: 36/36 MP: 2/2
  1374 | D:3      | Reached XP level 4. HP: 42/45 MP: 3/3
  1405 | D:3      | HP: 2/67 [something/magic dart (2)]
  1477 | D:3      | You fall into a shaft and drop 2 floors!
  1477 | D:5      | Entered Level 5 of the Dungeon
  1540 | D:4      | Reached XP level 5. HP: 45/54 MP: 4/4
  1582 | D:4      | Reached *** piety under Trog
  1761 | D:4      | Reached XP level 6. HP: 52/62 MP: 5/5
  2440 | D:5      | Reached XP level 7. HP: 68/71 MP: 6/6
  2463 | D:5      | Reached skill level 5 in Fighting
  2463 | D:5      | Reached skill level 5 in Axes
  2789 | D:5      | HP: 1/72 [gnoll/+0 halberd (10)]
  2795 | D:5      | Slain by a gnoll

Illustrated notes

Levels and vault maps discovered:
D:1:      matt_arrival_grand_opening, layout_loops_ring,
          chequers_serial_rivers_micro_a, minmay_pentomino_w2
D:2:      layout_basic
D:3:      layout_rooms, minmay_misc_feat_rows
D:4:      layout_basic, roderic_st_hans_cross
D:5:      layout_gridville, temple_hall

Skill      XL: |  1  2  3  4  5  6  7 |
---------------+----------------------+-----
Fighting       | 3 4 5 |  5.1
Axes           | 3 4 5 |  5.1
Dodging        | |  2.6

Action                     |  1- 3 |  4- 6 |  7- 9 || total
---------------------------+-------+-------+-------++-------
  Melee: Hand axe          |   159 |   135 |    33 ||   327
         Punch             |       |     1 |       ||     1
    Use: Potion            |       |     2 |     4 ||     6
 Armour: Animal skin       |   104 |    98 |    24 ||   226
         Skin              |       |    15 |     3 ||    18
  Dodge: Dodged            |   103 |    73 |    24 ||   200

Table legend: (Time is in decaauts)
 A = Elapsed time spent in this place.
 B = Non-inter-level travel time spent in this place.
 C = Inter-level travel time spent in this place.
 D = Time resting spent in this place.
 E = Time spent auto-exploring this place.
 F = Levels seen in this place.
 G = Mean time per level.
                   A        B        C        D        E       F      G
               +--------+--------+--------+--------+--------+-----+--------+
         Total |   2834 |   2741 |     93 |     62 |   2006 |   5 |  566.8 |
       Dungeon |   2834 |   2741 |     93 |     62 |   2006 |   5 |  566.8 |
               +--------+--------+--------+--------+--------+-----+--------+

Top non-repeatable levels by time:
     D:1: 809 daAuts
     D:4: 757 daAuts
     D:2: 583 daAuts
     D:5: 572 daAuts
     D:3: 112 daAuts
